 Dungeon Crawl Stone Soup version 0.31-a0-202-g547052bce9 (webtiles) character file.

Game seed: 5771994240508446030

719834 Sphaat the Invulnerable (level 27, -11/198 (199) HPs)
             Began as a Gargoyle Fighter on June 27, 2023.
             Was an Initiate of Gozag.
             Blown up by a cacodemon (21 damage)
             ... with a bolt of energy
             ... on level 9 of a ziggurat.
             The game lasted 02:59:57 (70443 turns).

Sphaat the Invulnerable (Gargoyle Fighter)         Turns: 70443, Time: 02:59:58

HP:   -11/198 (199) AC: 77    Str: 45      XL:     27
MP:   25/25         EV: 12    Int: 10 (13) God:    Gozag
Gold: 1278          SH: 23    Dex:  8      Spells: 29/29 levels left

rFire   + . .        Q - +9 war axe (vamp)
rCold   + + +        B - +2 kite shield {AC+3}
rNeg    + + .        S - +6 crystal plate armour {rC+}
rPois   ∞            n - +1 helmet of Spring {Int+3 Dex+3}
rElec   +            P - +2 cloak
rCorr   +            r - +3 pair of gauntlets of War {Slay+5}
SInv    .            y - +2 pair of boots
Will    ++...        w - amulet "Mesumadd" {Reflect -Cast rCorr SH+5 Stlth+} Stlth
                     v - ring "Qogury" {*Slow rF- rC+++ Str+6 Stlth+}
HPRegen 0.53/turn    o - ring "Kafaagh" {rF+ rN+ rCorr Str+6}
MPRegen 0.19/turn

%: no spellcasting, slow self (1%), reflection
@: mighty, brilliant, resistant, flying, hasted, studying Maces & Flails,
lightly drained, invisible, very quick
A: sickness immunity, AC +20, big wings, negative energy resistance 1,
electricity resistance, torment resistance 1, petrification resistance, clumsy
2, sense surroundings 1, teleportitis 1, MP-powered wands
}: 5/15 runes: decaying, serpentine, slimy, silver, golden
a: Renounce Religion, Potion Petition, Call Merchant, Bribe Branch


You were on level 9 of a ziggurat.
You worshipped Gozag.
Gozag was most pleased with you.
You visited 14 branches of the dungeon, and saw 61 of its levels.
You visited the Abyss 4 times.
You visited 1 ziggurat, and saw 9 of its levels.
You also visited: Bailey and Ice Cave.

You collected 40121 gold pieces.
You spent 6868 gold pieces at shops.
You paid 31975 gold pieces to Gozag.

Inventory:

Hand Weapons
 J - the +7 broad axe of Burning Tenacity {flame, rElec Int+4 SInv}
   (You found it on level 3 of the Crypt)

   Int:       It affects your intelligence (+4).
   rElec:     It insulates you from electricity.
   SInv:      It lets you see invisible.
 Q - a +9 vampiric war axe (weapon)
 W - a +8 spectral broad axe
Armour
 n - the +1 helmet of Spring (worn) {Int+3 Dex+3}
   (You took it off Robin on level 3 of the Dungeon)

   Int:       It affects your intelligence (+3).
   Dex:       It affects your dexterity (+3).
 r - the +3 pair of gauntlets of War (worn) {Slay+5}
   (You found it on level 3 of the Elven Halls)

   Slay:      It affects your accuracy & damage with ranged weapons and melee
   (+5).
 y - a +2 pair of boots (worn)
 B - a +2 kite shield of protection (worn)
 P - a +2 cloak (worn)
 S - a +6 crystal plate armour of cold resistance (worn)
Jewellery
 a - the ring "Susiyng" {+Blink rC+ Will- Int+3}
   (You found it on level 3 of the Tomb of the Ancients)

   [ring of protection from cold]

   Int:       It affects your intelligence (+3).
   rC:        It protects you from cold.
   +Blink:    It lets you blink.
   Will:      It decreases your willpower.
 c - the amulet of Vitality {RegenMP++ Regen++}
   (You bought it in a shop on level 3 of the Vaults)

   [amulet of magic regeneration]

   It increases your rate of magic regeneration.
   Regen:     It increases your rate of health regeneration.
 o - the ring "Kafaagh" (right hand) {rF+ rN+ rCorr Str+6}
   (You found it on level 2 of the Depths)

   [ring of resist corrosion]

   Str:       It affects your strength (+6).
   rF:        It protects you from fire.
   rN:        It protects you from negative energy.
   rCorr:     It protects you from acid and corrosion.
 t - the amulet of the Firefly {Spirit rF+ Regen+}
   (You took it off a deep elf annihilator on level 3 of the Elven Halls)

   [amulet of guardian spirit]

   It causes incoming damage to be divided between your reserves of health and
   magic.
   rF:        It protects you from fire.
   Regen:     It increases your rate of health regeneration.
 v - the ring "Qogury" (left hand) {*Slow rF- rC+++ Str+6 Stlth+}
   (You found it on level 1 of the Swamp)

   [ring of strength]

   Str:       It affects your strength (+6).
   rF:        It makes you vulnerable to fire.
   rC:        It renders you almost immune to cold.
   *Slow:     It may slow you when you take damage.
   Stlth:     It makes you more stealthy.
 w - the amulet "Mesumadd" (around neck) {Reflect -Cast rCorr SH+5 Stlth+}
   (You found it on level 1 of the Realm of Zot)

   [amulet of reflection]

   It reflects blocked missile attacks.
   -Cast:     It prevents spellcasting.
   rCorr:     It protects you from acid and corrosion.
   SH:        It affects your SH (+5).
   Stlth:     It makes you more stealthy.
 D - the amulet "Bustats" {Reflect rF+ SH+5}
   (You bought it in a shop on level 4 of the Lair of Beasts)

   [amulet of reflection]

   It reflects blocked missile attacks.
   rF:        It protects you from fire.
   SH:        It affects your SH (+5).
 H - the ring "Coimaana" {Ice Int+6}
   (You found it on level 3 of the Elven Halls)

   [ring of ice]

   It enhances your ice magic.
   Int:       It affects your intelligence (+6).
   rF:        It makes you vulnerable to fire.
   rC:        It protects you from cold.
 I - the ring of Asothrulu {Wiz rCorr Str-4 Int+3}
   (You found it on level 6 of a ziggurat)

   [ring of wizardry]

   It improves your spell success rate.
   Str:       It affects your strength (-4).
   Int:       It affects your intelligence (+3).
   rCorr:     It protects you from acid and corrosion.
 L - the ring of Vanity {Drain rF+ rCorr Str+4}
   (You bought it in a shop on level 3 of the Vaults)

   [ring of resist corrosion]

   Str:       It affects your strength (+4).
   rF:        It protects you from fire.
   rCorr:     It protects you from acid and corrosion.
   Drain:     It drains your maximum health when unequipped.
 T - the ring "Taurib" {Fire rPois rN+ Int+2 Slay-2}
   (You found it on level 5 of the Pits of Slime)

   [ring of fire]

   It enhances your fire magic.
   Int:       It affects your intelligence (+2).
   Slay:      It affects your accuracy & damage with ranged weapons and melee
   (-2).
   rF:        It protects you from fire.
   rC:        It makes you vulnerable to cold.
   rPois:     It protects you from poison.
   rN:        It protects you from negative energy.
 V - the amulet of Ru's Righteous Fury {Faith -Cast Will+ Regen+}
   (You found it on level 3 of the Crypt)

   [amulet of faith]

   It allows you to gain divine favour quickly.
   -Cast:     It prevents spellcasting.
   Regen:     It increases your rate of health regeneration.
   Will:      It increases your willpower.
Wands
 d - a wand of digging (19)
 f - a wand of polymorph (27)
 m - a wand of acid (29)
 s - a wand of charming (82)
 N - a wand of mindburst (37)
 Z - a wand of roots (54)
Scrolls
 b - 5 scrolls of summoning
 g - 11 scrolls of revelation
 h - 41 scrolls of identify
 p - 15 scrolls of teleportation
 q - 7 scrolls of amnesia
 u - 14 scrolls of poison
 x - 19 scrolls of fog
 C - 9 scrolls of fear
 K - 6 scrolls of silence
 O - 3 scrolls of blinking
Potions
 e - 9 potions of curing
 i - 8 potions of cancellation
 j - 6 potions of invisibility
 k - 5 potions of resistance
 z - a potion of mutation
 A - 5 potions of magic
 E - 4 potions of haste
 G - 14 potions of enlightenment
 M - 7 potions of brilliance
 R - a potion of might
 U - 4 potions of ambrosia
 X - 6 potions of attraction
 Y - 3 potions of berserk rage
Miscellaneous
 l - a figurine of a ziggurat


   Skills:
 O Level 27 Fighting
 - Level 1.9(2.3) Short Blades
 - Level 1.9(2.3) Long Blades
 O Level 27 Axes
 - Level 8.6(20.9) Maces & Flails
 - Level 1.8 Ranged Weapons
 - Level 1.7 Throwing
 O Level 27 Armour
 - Level 10.5 Dodging
 + Level 26.7 Shields
 - Level 1.9 Unarmed Combat
 - Level 1.7 Spellcasting
 - Level 2.1 Conjurations
 - Level 1.8 Hexes
 - Level 1.8 Summonings
 - Level 1.7 Necromancy
 - Level 1.8 Translocations
 - Level 1.5 Transmutations
 - Level 2.0 Fire Magic
 - Level 1.9 Ice Magic
 - Level 1.7 Air Magic
 - Level 2.6 Earth Magic
 - Level 2.1 Poison Magic
 - Level 2.4 Invocations


You had 29 spell levels left.
You didn't know any spells.
Your spell library contained the following spells:

 Spells                   Type           Power      Damage    Failure   Level
 Sandblast                Erth           18%        2d7       34%         1
 Foxfire                  Conj/Fire      28%        2x1d5     38%         1
 Magic Dart               Conj           28%        1d4       38%         1
 Freeze                   Ice            28%        1d5       41%         1
 Kiss of Death            Conj/Necr      28%        2d7       41%         1
 Apportation              Tloc           12%        N/A       43%         1
 Necrotise                Necr           24%        1d5       43%         1
 Summon Small Mammal      Summ           24%        N/A       43%         1
 Passwall                 Tmut/Erth      5%         N/A       54%         2
 Searing Ray              Conj           14%        2d5       54%         2
 Call Imp                 Summ           12%        N/A       56%         2
 Ensorcelled Hibernation  Hex/Ice        12%        N/A       56%         2
 Momentum Strike          Conj/Tloc      14%        3d8       56%         2
 Poisonous Vapours        Pois/Air       14%        N/A       56%         2
 Static Discharge         Conj/Air       14%        2-3/arc   56%         2
 Blink                    Tloc           12%        N/A       58%         2
 Lesser Beckoning         Tloc           12%        N/A       58%         2
 Stone Arrow              Conj/Erth      16%        3d8       75%         3
 Dazzling Flash           Conj/Hex       14%        N/A       78%         3
 Hailstorm                Conj/Ice       7%         3d4       78%         3
 Mephitic Cloud           Conj/Pois/Air  7%         N/A       78%         3
 Call Canine Familiar     Summ           6%         N/A       80%         3
 Confusing Touch          Hex            6%         N/A       80%         3
 Frozen Ramparts          Ice            14%        1d3       80%         3
 Ignite Poison            Fire/Tmut/Pois 7%         N/A       80%         3
 Inner Flame              Hex/Fire       7%         N/A       80%         3
 Ozocubu's Armour         Ice            7%         N/A       80%         3
 Portal Projectile        Hex/Tloc       12%        N/A       80%         3
 Spider Form              Tmut/Pois      6%         N/A       80%         3
 Summon Guardian Golem    Hex/Summ       6%         N/A       80%         3
 Tukima's Dance           Hex            6%         N/A       80%         3
 Volatile Blastmotes      Fire/Tloc      14%        2d11      80%         3
 Vampiric Draining        Necr           6%         2d6       82%         3
 Swiftness                Air            6%         N/A       83%         3
 Airstrike                Air            3%         2d(1-17)  99%         4
 Anguish                  Hex/Necr       3%         N/A       99%         4
 Animate Armour           Summ/Erth      14%        N/A       99%         4
 Cause Fear               Hex            3%         N/A       99%         4
 Dispel Undead            Necr           6%         3d8       99%         4
 Fulminant Prism          Conj/Hex       3%         3d5       99%         4
 Ice Form                 Ice/Tmut       6%         N/A       99%         4
 Iskenderun's Mystic Bla  Conj/Tloc      7%         2d4       99%         4
 Manifold Assault         Tloc           6%         N/A       99%         4
 Olgreb's Toxic Radiance  Pois           7%         N/A       99%         4
 Passage of Golubria      Tloc           6%         N/A       99%         4
 Petrify                  Tmut/Erth      7%         N/A       99%         4
 Sticky Flame             Conj/Fire      7%         2d3       99%         4
 Summon Ice Beast         Ice/Summ       6%         N/A       99%         4
 Summon Lightning Spire   Summ/Air       6%         N/A       99%         4
 Agony                    Necr           6%         N/A       100%        5
 Alistair's Intoxication  Tmut/Pois      4%         N/A       100%        5
 Blade Hands              Tmut           3%         N/A       100%        5
 Borgnjor's Vile Clutch   Necr/Erth      3%         N/A       100%        5
 Fireball                 Conj/Fire      3%         3d4       100%        5
 Freezing Cloud           Conj/Ice/Air   3%         6-21      100%        5
 Irradiate                Conj/Tmut      3%         3d12      100%        5
 Lee's Rapid Deconstruct  Erth           4%         3d5*      100%        5
 Metabolic Englaciation   Hex/Ice        3%         N/A       100%        5
 Silence                  Hex/Air        3%         N/A       100%        5
 Summon Forest            Summ/Tloc      3%         N/A       100%        5
 Summon Mana Viper        Hex/Summ       6%         N/A       100%        5
 Yara's Violent Unravell  Hex/Tmut       3%         3d4       100%        5
 Conjure Ball Lightning   Conj/Air       3%         3x3d6     100%        6
 Death Channel            Necr           3%         N/A       100%        6
 Eringya's Noxious Bog    Tmut/Pois      3%         N/A       100%        6
 Leda's Unmaking          Conj/Erth      4%         9d2       100%        6
 Plasma Beam              Fire/Air       3%         2x1d13    100%        6
 Starburst                Conj/Fire      3%         6d3       100%        6
 Summon Cactus Giant      Summ           3%         N/A       100%        6
 Dragon Form              Tmut           3%         N/A       100%        7
 Enfeeble                 Hex            3%         N/A       100%        7
 Haunt                    Necr/Summ      3%         N/A       100%        7
 Malign Gateway           Summ/Tloc      3%         N/A       100%        7
 Orb of Destruction       Conj           3%         9d5       100%        7
 Ozocubu's Refrigeration  Ice            3%         4d8       100%        7
 Spellforged Servitor     Conj/Summ      3%         N/A       100%        7
 Storm Form               Tmut/Air       3%         N/A       100%        7
 Borgnjor's Revivificati  Necr           3%         N/A       100%        8
 Discord                  Hex            3%         N/A       100%        8
 Disjunction              Tloc           3%         N/A       100%        8
 Ignition                 Fire           3%         3d4       100%        8
 Infestation              Necr           3%         N/A       100%        8
 Lehudib's Crystal Spear  Conj/Erth      4%         10d3      100%        8
 Maxwell's Capacitive Co  Air            3%         ∞         100%        8
 Necromutation            Tmut/Necr      3%         N/A       100%        8
 Summon Horrible Things   Summ           3%         N/A       100%        8
 Death's Door             Necr           3%         N/A       100%        9
 Dragon's Call            Summ           3%         N/A       100%        9
 Sublimation of Blood     Necr           Unusable   N/A       N/A         2
 Animate Dead             Necr           Unusable   N/A       N/A         4
 Simulacrum               Ice/Necr       Unusable   N/A       N/A         6
 Statue Form              Tmut/Erth      Unusable   N/A       N/A         6

Dungeon Overview and Level Annotations

Branches:
Dungeon (15/15)            Temple (0/1) D:5            Lair (5/5) D:10
  Swamp (4/4) Lair:3        Snake (4/4) Lair:3        Slime (5/5) Lair:4
    Orc (2/2) D:10            Elf (3/3) Orc:2        Vaults (5/5) D:13
  Crypt (3/3) Vaults:2       Tomb (3/3) Crypt:3      Depths (4/4) D:15
   Hell (visited)             Dis (0/7) Hell            Geh (0/7) Hell
    Coc (4/7) Hell            Tar (0/7) Hell            Zot (3/5) Depths:4
 Bailey (visited)           IceCv (visited)

Altars:
Ashenzari
Cheibriados
Elyvilon
Gozag
Hepliaklqana
Kikubaaqudgha
Makhleb
Okawaru
Qazlal
Ru
Trog
Uskayaw
Vehumet
Wu Jian
Yredelemnul
The Shining One
Jiyva

Shops:
D:8 !!!*[   Orc:2 ?:(!   Elf:3 [   Lair:4 =*   Snake:1 *   Vaults:1 [
Vaults:2 [   Vaults:3 =!(?*   Vaults:4 *   Vaults:5 *??[(   Coc:2 ?
Depths:2 (

Portals:
Hell: Depths:1 Depths:2 Depths:3 Depths:4
Abyss: Depths:3
Pandemonium: Depths:1 Depths:2

Annotations:
D:9 1 runed translucent door, grizmgrazm2's ghost, novice GnHs
Depths:4 3 runed translucent doors


Innate Abilities, Weirdness & Mutations

You are immune to sickness and miasma.
Your stone body is resilient. (AC +20)
You are immune to poison.
Your large and strong wings let you fly.
You resist negative energy. (rN+)
You are resistant to electric shocks. (rElec)
You are resistant to unholy torment.
You are immune to petrification.
You are very clumsy. (Dex -4)
You passively map a small area around you.
You are occasionally teleported next to monsters.
You expend magic power (3 MP) to strengthen your wands.


Message History

Purchase which effect?
You feel more clever all of a sudden. Magic courses through your body.
You feel much better.
The ufetubus is no longer distracted by gold.
You block the hell beast's attack.
The hell beast tramples you but does no damage.
The Tzitzimitl engulfs you but does no damage.
You block the Tzitzimitl's attack. You block the shadow demon's attack.
The demonspawn blood saint hits you but does no damage.
The orange demon stings you but does no damage.
You catch the helpless demonspawn blood saint completely off-guard!
You slash the demonspawn blood saint!
The demonspawn blood saint is severely wounded.
You catch the helpless hell beast completely off-guard!
You slice the hell beast!!
The ufetubus shouts!
You hit Kemexegh.
Kemexegh is no longer distracted by gold.
You slice the Tzitzimitl!!
You kill the Tzitzimitl!
The Tzitzimitl dissolves into shadows!
You chop the shadow demon into pieces!!!
You kill the shadow demon!
The shadow demon dissolves into shadows!
You slice the ice devil!! The hell beast bites you!
* * * LOW HITPOINT WARNING * * *
The hell beast tramples you but does no damage.
The ice devil hits you but does no damage.
The blizzard demon waves its arms in wide circles.
* * * LOW HITPOINT WARNING * * *
Blink to where?
Press: ? - help, Q - select action, (/) - cycle Dir - move target
As you read the scroll of blinking, it crumbles to dust.
The cacodemon is no longer distracted by gold.
The cacodemon gestures at you.
The bolt of energy hits the ufetubus!!!
The ufetubus is blown up!
The ufetubus disappears in a puff of smoke!
The bolt of energy hits you!!
You die...

▓▓▓▓▓▓▓▓▓▓▓
▓.........▓
▓▓▓▓.......1.▓▓▓▓▓
.........24$..5..▓
.........$222.6..▓
.........2$4&3$))▓
.........662§.[(∩▓
∩.............!(>▓
..............!)@▓
..............!=/▓
.................▓
.................▓
▓▓▓▓.........▓▓▓▓▓
......... ▓▓▓ ▓▓▓


You could see Kemexegh (weak-willed), a Brimstone Fiend (summoned), a cacodemon
(fast), 2 demonspawn blood saints, a demonspawn corrupter (summoned, agile,
unable to see you), a hell beast (strong, unable to see you), 2 blizzard demons,
2 shadow demons, an orange demon (summoned, fast, unable to see you), an ice
devil (summoned, agile, unable to see you), a ynoxinul (summoned, resistant,
unable to see you) and an ufetubus (summoned, agile, unable to see you).

Vanquished Creatures
  the Royal Jelly (Slime:5)
  A dread lich (Vaults:5)
  2 orbs of fire
  4 ancient liches
  Mennas (Vaults:5)
  Mara (Depths:3)
  17 royal mummies
  Frederick (Depths:4)
  Vv (Depths:3)
  Sojobo (Depths:2)
  Boris (4 times) (Vaults:5 Depths:1 Crypt:2 Crypt:3)
  Bai Suzhen (Crypt:3)
  A Killer Klown (Zot:3)
  Margery (Crypt:3)
  Vashnia (Snake:3)
  8 shard shrikes
  Saint Roka (Orc:2)
  Geryon (Hell)
  A golden dragon (shapeshifter) (Depths:3)
  2 golden dragons
  A profane servitor (Crypt:3)
  8 bone dragons
  An electric golem (Zot:1)
  A hellephant (Abyss:3)
  12 tentacled monstrosities
  A tainted leviathan (Hell)
  Jorgrun (D:15)
  Rupert (D:15)
  5 liches
  A walking crystal tome (Depths:2)
  Mlioglotl (Snake:3)
  2 Ice Fiends
  3 deep elf blademasters
  A shard shrike skeleton (Crypt:2)
  A deep elf master archer (Elf:3)
  7 titans
  15 ancient champions
  22 acid blobs
  A walking earthen tome (Zot:3)
  2 walking divine tomes (Zot:3)
  8 quicksilver dragons
  A walking frostbound tome (Depths:2)
  11 sphinxes
  6 death cobs
  2 Executioners
  Donald (Vaults:3)
  8 tentacled starspawn
  11 shadow dragons
  4 revenants
  8 storm dragons
  4 thorn hunters
  2 fenstrider witches (Swamp:4)
  10 tengu reavers
  The ghost of Iheguu the Devastator, an adept DsEE of Vehumet (Snake:3)
  A storm dragon (shapeshifter) (Vaults:5)
  14 rockslimes
  8 frost giants
  17 azure jellies
  Roxanne (Swamp:1)
  An emperor scorpion (shapeshifter) (Vaults:5)
  9 fire giants
  5 nagarajas
  6 draconian monks
  12 deep elf sorcerers
  8 narguns
  6 draconian knights
  11 vault wardens
  2 balrugs
  7 draconian scorchers
  The ghost of Olga the Spry, an adept SpHu of Dithmenos (Snake:3)
  A juggernaut zombie (Abyss:3)
  2 iron dragons
  Aizul (Snake:4)
  An angel (Abyss:3)
  2 caustic shrike zombies
  A curse skull (Crypt:2)
  5 spectral caustic shrikes (Depths:3)
  4 deep elf elementalists (Elf:3)
  4 draconian shifters
  A cacodemon (Hell)
  3 shard shrike simulacra
  5 ghouls
  2 orc warlords
  16 quicksilver oozes
  3 reapers
  7 draconian annihilators
  A demonspawn corrupter (Zig:7)
  2 spriggan defenders
  12 very ugly things
  A draconian stormcaller (Zot:2)
  10 formless jellyfish
  The ghost of philipeq the Blinker, a journeyman DsFi of Uskayaw (Orc:2)
  10 ironbound thunderhulks
  17 stone giants
  A demonspawn blood saint (Zig:9)
  21 ironbound preservers
  The ghost of Yrpheg the Severer, a journeyman HOBe of Trog (Snake:3)
  4 elemental wellsprings
  Nessos (D:14)
  6 eleionomae
  10 green draconians
  7 black draconians
  10 bennus
  A lorocyproca (Abyss:3)
  2 deep elf demonologists
  A demonspawn black sun (Zig:9)
  9 vampire knights
  6 putrid mouths (Hell)
  15 dire elephants
  2 wendigos
  6 spark wasps
  10 yellow draconians
  8 deep elf annihilators
  6 purple draconians
  4 bunyips
  3 red draconians
  8 white draconians
  6 deep elf death magi
  A crystal guardian (Zig:7)
  An iron golem (Depths:1)
  6 eidola
  Snorg (Lair:4)
  18 jiangshi
  Josephine (D:15)
  18 ettins
  7 fire dragons
  A green death (Abyss:3)
  16 yaktaur captains
  13 mummy priests
  17 great orbs of eyes
  8 deep elf high priests
  A spriggan zombie (Tomb:1)
  Fannar (Lair:1)
  2 rakshasas
  A shambling mangrove (Swamp:4)
  A quicksilver dragon skeleton (Tomb:2)
  34 vault guards
  24 hydras
  11 spriggan air magi
  Erolcha (Orc:2)
  An ice dragon (shapeshifter) (D:15)
  12 ice dragons
  2 salamander tyrants (Snake:4)
  4 caustic shrike simulacra
  3 spriggan skeletons
  4 ogre magi
  A hell beast (Depths:2)
  9 anacondas
  6 two-headed ogres
  4 juggernaut simulacra
  4 death knights
  3 ghost crabs
  9 ironbound frosthearts
  2 anacondas (shapeshifter) (Vaults:5)
  5 alligators
  4 boulder beetles
  2 fenstrider witch skeletons (Crypt:3)
  32 dancing weapons
  10 tengu warriors
  5 death yaks
  17 centaur warriors
  5 deep troll shamans
  A satyr (shapeshifter) (Vaults:5)
  20 death scarabs
  13 vampire magi
  14 thrashing horrors
  A demonic crawler (Abyss:3)
  3 soul eaters
  A hell hog (Abyss:3)
  4 deep troll earth magi
  10 naga warriors
  3 sun demons
  A titan zombie (Tomb:1)
  A skyshark (shapeshifter) (D:14)
  7 spriggan berserkers
  9 shock serpents
  15 naga sharpshooters
  2 shock serpents (shapeshifter)
  22 hell knights
  Sonja (Lair:3)
  3 shadow wraiths
  A storm dragon skeleton (Tomb:2)
  6 wretched stars
  16 deep elf knights
  11 iron trolls
  7 salamander mystics
  3 sixfirhies (Hell)
  24 skeletal warriors
  58 deep trolls
  A spatial maelstrom (Zig:7)
  4 goliath frogs
  3 skysharks
  Lodul (D:14)
  10 swamp dragons
  An iron giant zombie (Abyss:3)
  A death drake (Swamp:3)
  A quicksilver dragon simulacrum (Coc:2)
  7 glowing orange brains
  A spriggan simulacrum (Coc:3)
  2 anaconda zombies
  8 flayed ghosts
  5 spriggan druids
  2 shadow demons
  5 wizards
  15 deep elf archers
  4 bog bodies
  A death drake (shapeshifter) (Vaults:5)
  20 ironbound convokers
  11 naga ritualists
  10 phantasmal warriors
  14 lindwurms
  6 orc knights
  28 deep elf zephyrmancers
  5 necromancers
  6 harpies (Vaults:2)
  18 mana vipers
  A lindwurm (shapeshifter) (Vaults:2)
  33 deep elf pyromancers
  5 cyclopes
  An oklob plant (Lair:4)
  7 shining eyes
  A sphinx skeleton (Vaults:2)
  A stone giant zombie (Tomb:2)
  7 orc sorcerers
  A tengu skeleton (Vaults:2)
  21 salamanders
  16 ugly things
  3 will-o-the-wisps
  4 worldbinders
  26 large abominations
  A dire elephant zombie (Hell)
  14 moths of wrath
  A goliath frog skeleton (Crypt:2)
  A faun (shapeshifter) (Vaults:5)
  A frost giant skeleton (Crypt:1)
  Maurice (D:9)
  A rust devil (Hell)
  An ice statue (IceCv)
  An alligator snapping turtle zombie (Hell)
  4 guardian serpents
  An apocalypse crab (Abyss:2)
  3 centaur zombies
  A stone giant skeleton (Vaults:2)
  56 black mambas
  14 elephants (Lair:4)
  16 naga magi
  2 molten gargoyles
  2 titan simulacra
  7 torpor snails
  16 vault sentinels
  2 gargoyles
  16 smoke demons
  3 orange demons
  22 cane toads
  An eye of devastation (Slime:5)
  2 dire elephant skeletons
  A shock serpent skeleton (Crypt:1)
  4 centaur skeletons
  19 komodo dragons
  5 hellions
  8 rime drakes
  A catoblepas zombie (Crypt:2)
  2 unseen horrors
  11 yaktaurs
  4 kobold demonologists
  2 bunyip simulacra
  2 tengu conjurers
  An efreet (D:13)
  7 ice devils
  5 freezing wraiths
  5 trolls
  3 anaconda simulacra
  5 tormentors
  A hydra zombie (Abyss:2)
  4 polar bears
  8 ancient zymes
  A purple draconian skeleton (Crypt:3)
  2 red devils (Depths:2)
  4 yaktaur skeletons
  2 harpy zombies
  2 human zombies
  An iron troll skeleton (Crypt:1)
  A hellwing (Depths:2)
  A wind drake (shapeshifter) (Vaults:5)
  A troll (shapeshifter) (D:15)
  9 tyrant leeches
  A bloated husk (Swamp:1)
  23 guardian mummies
  9 raiju
  A hornet (shapeshifter) (Vaults:2)
  Prince Ribbit (D:7)
  21 hornets
  A harpy skeleton (Hell)
  A human skeleton (Vaults:2)
  3 iron dragon simulacra
  A boulder beetle zombie (Crypt:2)
  An ettin zombie (Crypt:3)
  A radroach zombie (Crypt:1)
  25 blink frogs
  7 dream sheep (Lair:5)
  2 stone giant simulacra (Coc:1)
  148 slime creatures
  18 flying skulls
  A jumping spider (shapeshifter) (Vaults:2)
  2 centaur simulacra
  4 ynoxinuls
  5 air elementals
  A shadow (D:9)
  3 dire elephant simulacra
  18 spriggans
  11 wraiths
  5 wyverns
  4 vampires
  A water elemental (Elf:3)
  3 fire bats (Depths:2)
  15 small abominations
  4 ettin skeletons
  An elf zombie (Vaults:4)
  9 ushabtiu
  A tyrant leech zombie (Crypt:3)
  15 golden eyes
  8 chaos spawn
  34 starcursed masses
  A fire elemental (Abyss:2)
  7 neqoxecs
  3 steam dragons
  31 yaks
  An elf skeleton (Vaults:2)
  15 vampire mosquitoes
  A minotaur simulacrum (Coc:2)
  6 basilisks
  A wind drake skeleton (Crypt:3)
  8 harpy simulacra
  A warg (Orc:2)
  A glowing shapeshifter zombie (Crypt:3)
  A hydra simulacrum (Coc:2)
  39 nagas
  14 swamp worms
  2 floating eyes
  An acid dragon (D:10)
  26 water moccasins
  3 sky beasts
  3 black bears
  32 orc warriors
  9 swamp drakes
  3 ice beasts
  A water nymph skeleton (Crypt:2)
  A swamp dragon zombie (Crypt:3)
  An ice dragon simulacrum (Coc:1)
  An ogre (shapeshifter) (Elf:3)
  5 centaurs
  2 ettin simulacra
  15 ogres
  20 wolves
  A dream sheep skeleton (Crypt:2)
  2 phantoms (D:5)
  9 slime creature simulacra (IceCv)
  5 kobold brigands
  A rime drake skeleton (Crypt:2)
  4 scorpions
  14 bullfrogs
  5 earth elementals
  4 glowing shapeshifter simulacra (IceCv)
  3 necrophages
  17 wights
  A troll zombie (Crypt:3)
  8 killer bees
  7 electric eels
  4 howler monkeys
  A crimson imp (Abyss:3)
  Crazy Yiuf (D:7)
  15 orc priests
  5 jellies
  2 hounds
  2 iguanas
  An iron imp (Abyss:3)
  A sleepcap (D:5)
  A hell rat (Lair:4)
  34 orc wizards
  A shapeshifter simulacrum (IceCv)
  30 mummies
  Robin (D:3)
  11 gnolls
  A gnoll (shapeshifter) (Vaults:5)
  2 howler monkey skeletons
  6 adders
  6 white imps
  3 ufetubi
  A jelly zombie (Crypt:2)
  A worm (D:2)
  4 dart slugs
  109 orcs
  A bat skeleton (Crypt:1)
  7 endoplasms
  17 goblins
  9 hobgoblins
  8 jackals
  13 kobolds
  5 quokkas
  8 ball pythons
  10 bats
  4 frilled lizards
  A frilled lizard zombie (Crypt:1)
  A hobgoblin skeleton (Crypt:1)
  5 rats
  3 lurking horrors
  A spectral weapon (Tomb:1)
  14 starspawn tentacles
2893 creatures vanquished.

Vanquished Creatures (collateral kills)
  8 royal mummies (Tomb:1)
  4 mummy priests
  3 skeletal warriors
  12 guardian mummies
  3 flying skulls (Tomb:3)
  7 ushabtiu
  10 mummies
47 creatures vanquished.

Vanquished Creatures (others)
  3 royal mummies
  An ancient champion (Tomb:2)
  A revenant (Tomb:1)
  A draconian annihilator (Zot:2)
  A purple draconian (Zot:1)
  3 mummy priests
  A caustic shrike simulacrum (Hell)
  An ice dragon (Depths:2)
  An ogre mage (Vaults:5)
  A naga sharpshooter (Snake:3)
  2 deep elf knights (Elf:3)
  A skeletal warrior (Tomb:3)
  An anaconda skeleton (Tomb:3)
  3 deep elf zephyrmancers
  2 necromancers (Hell)
  A centaur skeleton (Tomb:2)
  An ice devil (Hell)
  A bunyip simulacrum (Hell)
  7 guardian mummies
  A harpy zombie (Tomb:3)
  2 bloated husks (Swamp:1)
  A stone giant simulacrum (Hell)
  4 ushabtiu
  A human (shapeshifter) (Elf:2)
  20 mummies
  2 orcs
  A quokka (D:14)
  A fire vortex (Depths:2)
  36 foxfires
  A lurking horror (Abyss:2)
  42 spectral weapons
  10 starspawn tentacles
155 creatures vanquished.

Grand Total: 3095 creatures vanquished

Notes
Turn   | Place    | Note
-------+----------+-------------------------------------------
     0 | D:1      | Sphaat the Gargoyle Fighter began the quest for the Orb.
     0 | D:1      | Reached XP level 1. HP: 14/14 MP: 1/1
    34 | D:1      | Reached XP level 2. HP: 16/19 MP: 2/2
   155 | D:1      | Reached XP level 3. HP: 22/23 MP: 3/3
   923 | D:2      | Reached XP level 4. HP: 29/29 MP: 4/4
  1310 | D:3      | Found a radiant altar of Vehumet.
  1446 | D:3      | Identified the +1 helmet of Spring {Int+3 Dex+3}
  1446 | D:3      | Noticed Robin
  1464 | D:3      | Killed Robin
  1465 | D:3      | Reached XP level 5. HP: 8/33 MP: 5/5
  1650 | D:3      | Found an ancient bone altar of Kikubaaqudgha.
  1891 | D:3      | Found a broken altar of Ashenzari.
  1892 | D:3      | Found an opulent altar of Gozag.
  1898 | D:3      | Found a hide-covered altar of Uskayaw.
  1898 | D:3      | Found a sacrificial altar of Ru.
  1903 | D:3      | Became a worshipper of Gozag Ym Sagoz the Greedy
  2228 | D:4      | Identified the +6 dagger of the Valley of Death {drain,
                  | *Rage rElec Will+ Int+3}
  2361 | D:4      | Reached XP level 6. HP: 39/39 MP: 6/6
  2431 | D:4      | Found a snail-covered altar of Cheibriados.
  2525 | D:4      | Noticed an ice beast
  2531 | D:4      | Killed an ice beast
  2634 | D:4      | Reached skill level 5 in Armour
  2634 | D:4      | Reached skill level 5 in Shields
  3173 | D:5      | Entered Level 5 of the Dungeon
  3263 | D:5      | Reached skill level 5 in Fighting
  3263 | D:5      | Reached XP level 7. HP: 44/44 MP: 7/7
  3536 | D:5      | Found a staircase to the Ecumenical Temple.
  3703 | D:5      | Reached XP level 8. HP: 39/51 MP: 8/8
  4066 | D:6      | Identified the +1 robe of Boredom {+Blink Int+3}
  4090 | D:6      | Reached skill level 5 in Axes
  4287 | D:6      | Identified the +0 leather armour of Raaluod {rC++ rN+
                  | Int-2}
  4776 | D:6      | Found a burning altar of Makhleb.
  5050 | D:7      | Noticed Prince Ribbit
  5061 | D:7      | Killed Prince Ribbit
  5062 | D:7      | Reached XP level 9. HP: 57/57 MP: 9/9
  5209 | D:7      | Found a runed translucent door.
  5210 | D:7      | Noticed Crazy Yiuf
  5305 | D:7      | Killed Crazy Yiuf
  5419 | D:7      | Found an ornate altar of the Wu Jian Council.
  6429 | D:8      | Found Womur's Assorted Antiques.
  6431 | D:8      | Found Wuracoev's Distillery.
  6443 | D:8      | Bought a scroll of enchant weapon for 172 gold pieces
  6443 | D:8      | Bought a scroll of enchant weapon for 172 gold pieces
  6475 | D:8      | Found Higoreuq's Antique Armour Boutique.
  6485 | D:8      | Found a flagged portal.
  6493 | D:8      | Identified the +5 spear "Grim" {antimagic, rN+ Int+5}
  6510 | Bailey   | Entered a bailey
  6832 | Bailey   | Noticed an orc knight
  6849 | Bailey   | Killed an orc knight
  6850 | Bailey   | Reached XP level 10. HP: 38/63 MP: 10/10
  7229 | D:8      | Found Rituteru's Distillery.
  7313 | D:8      | Found Okhlutyt's Distillery.
  7563 | D:8      | Bought a potion of berserk rage for 70 gold pieces
  7563 | D:8      | Bought a potion of might for 56 gold pieces
  7605 | D:9      | Noticed a two-headed ogre
  7621 | D:8      | Killed a two-headed ogre
  7622 | D:8      | Reached skill level 10 in Axes
  7670 | D:9      | Found a runed translucent door.
  7670 | D:9      | Noticed grizmgrazm2's ghost (novice GnHs)
  7671 | D:9      | Noticed a cyclops
  7941 | D:9      | Reached skill level 1 in Maces & Flails
  8070 | D:9      | Found a stormy altar of Qazlal.
  8269 | D:9      | Noticed Maurice
  8299 | D:9      | Killed Maurice
  8716 | D:9      | Found a hazy altar of Hepliaklqana.
  8846 | D:10     | Entered Level 10 of the Dungeon
  9019 | D:10     | Reached skill level 5 in Maces & Flails
  9042 | D:10     | Reached XP level 11. HP: 67/67 MP: 11/11
  9076 | D:10     | Found an iron altar of Okawaru.
  9253 | D:10     | Found a staircase to the Lair.
  9557 | D:10     | Found a staircase to the Orcish Mines.
  9881 | Orc:1    | Entered Level 1 of the Orcish Mines
 10052 | Orc:1    | Noticed an orc sorcerer
 10064 | Orc:1    | Noticed a sixfirhy
 10064 | Orc:1    | Killed an orc sorcerer
 10263 | Orc:2    | Entered Level 2 of the Orcish Mines
 10269 | Orc:2    | Noticed an orc knight
 10331 | Orc:1    | Killed an orc knight
 10364 | Orc:2    | Noticed a two-headed ogre
 10380 | Orc:2    | Killed a two-headed ogre
 10394 | Orc:2    | Found a staircase to the Elven Halls.
 10579 | Orc:2    | Noticed philipeq's ghost (journeyman DsFi)
 10586 | Orc:2    | Found a transporter.
 10619 | Orc:2    | Found a transporter.
 10894 | Orc:2    | Noticed an ogre mage
 10898 | Orc:2    | Noticed an ogre mage
 10904 | Orc:2    | Killed an ogre mage
 10914 | Orc:2    | Killed an ogre mage
 10916 | Orc:2    | Found Foptuimp's Distillery.
 10974 | Orc:2    | Found Ycirch's Magic Scroll Boutique.
 10999 | Orc:2    | Bought a scroll of identify for 26 gold pieces
 10999 | Orc:2    | Bought a scroll of identify for 26 gold pieces
 10999 | Orc:2    | Bought a scroll of identify for 26 gold pieces
 10999 | Orc:2    | Bought a scroll of enchant weapon for 97 gold pieces
 10999 | Orc:2    | Bought a scroll of identify for 26 gold pieces
 10999 | Orc:2    | Bought a scroll of identify for 26 gold pieces
 11016 | Orc:2    | Found a radiant altar of Vehumet.
 11017 | Orc:2    | Noticed an orc sorcerer
 11017 | Orc:2    | Noticed Erolcha
 11021 | Orc:2    | Noticed an orc sorcerer
 11035 | Orc:2    | Killed an orc sorcerer
 11043 | Orc:2    | Killed an orc sorcerer
 11044 | Orc:2    | Reached XP level 12. HP: 43/75 MP: 12/12
 11063 | Orc:2    | Killed Erolcha
 11092 | Orc:2    | Paralysed by an orc sorcerer for 4 turns
 11125 | Orc:2    | Paralysed by an orc sorcerer for 2 turns
 11132 | Orc:2    | Noticed an ogre mage
 11132 | Orc:2    | Noticed Saint Roka
 11138 | Orc:2    | Paralysed by something for 2 turns
 11142 | Orc:2    | Noticed a sun demon
 11142 | Orc:2    | Noticed a sun demon
 11187 | Orc:2    | Paralysed by an ogre mage for 2 turns
 11199 | Orc:2    | Killed an ogre mage
 11373 | Orc:2    | Found an ancient bone altar of Kikubaaqudgha.
 11384 | Orc:2    | Noticed a sun demon
 11398 | Orc:2    | Noticed a soul eater
 11399 | Orc:2    | Paralysed by an orc sorcerer for 5 turns
 11733 | Lair:1   | Entered Level 1 of the Lair of Beasts
 11799 | Lair:1   | Noticed a death yak
 11799 | Lair:1   | Noticed a death yak
 11799 | Lair:1   | Noticed a death yak
 11799 | Lair:1   | Noticed a death yak
 11821 | D:10     | Killed a death yak
 11949 | D:11     | Noticed a boulder beetle
 11995 | D:11     | Killed a boulder beetle
 12164 | D:11     | Noticed a two-headed ogre
 12172 | D:11     | Killed a two-headed ogre
 12492 | D:11     | Noticed a two-headed ogre
 12501 | D:11     | Killed a two-headed ogre
 12827 | D:12     | Reached XP level 13. HP: 81/81 MP: 13/13
 13317 | D:12     | You fall into a shaft and drop 3 floors!
 13317 | D:15     | Entered Level 15 of the Dungeon
 13493 | D:13     | Reached skill level 15 in Axes
 13582 | D:13     | Found a gate to the Vaults.
 15774 | Lair:1   | Noticed Fannar
 15851 | Lair:1   | Killed Fannar
 15852 | Lair:1   | Gained mutation: Your large and strong wings let you fly.
                  | [Gargoyle growth]
 15852 | Lair:1   | Reached XP level 14. HP: 69/87 MP: 14/14
 16842 | Lair:2   | Identified the ring of Kuhy {MP+9 Str+4 Int-4}
 17350 | Lair:3   | Noticed Sonja
 17362 | Lair:3   | Killed Sonja
 17424 | Lair:3   | Found a staircase to the Swamp.
 17781 | Lair:3   | Reached skill level 10 in Armour
 17796 | Lair:3   | Reached skill level 10 in Fighting
 18119 | Lair:3   | Found a staircase to the Snake Pit.
 18284 | Lair:4   | Found a frozen archway.
 18337 | IceCv    | Entered an ice cave
 18392 | IceCv    | Noticed a quicksilver ooze
 18401 | IceCv    | Killed a quicksilver ooze
 18547 | IceCv    | Got the +4 dagger "Dosmuuk" {freeze, Fragile Str+5 Int+3}
 18798 | IceCv    | Found a viscous altar of Jiyva.
 18798 | IceCv    | Noticed an azure jelly
 18817 | IceCv    | Killed an azure jelly
 18818 | IceCv    | Reached XP level 15. HP: 87/95 MP: 15/15
 18818 | IceCv    | Noticed an azure jelly
 18829 | IceCv    | Killed an azure jelly
 19492 | Lair:4   | Noticed Snorg
 19515 | Lair:4   | Killed Snorg
 19742 | Lair:4   | Found a staircase to the Slime Pits.
 20336 | Lair:5   | Entered Level 5 of the Lair of Beasts
 21277 | Lair:5   | Found a runed translucent door.
 21447 | Lair:5   | Reached XP level 16. HP: 106/106 MP: 16/16
 21783 | Orc:2    | Killed Saint Roka
 21907 | Orc:2    | Found Hovuhawy's Book Shop.
 21921 | Orc:2    | Found Ekewiet's Antique Weapon Boutique.
 22222 | Orc:2    | Killed philipeq's ghost
 22469 | Lair:4   | Bought the amulet "Bustats" {Reflect rF+ SH+5} for 528 gold
                  | pieces
 22567 | Snake:1  | Entered Level 1 of the Snake Pit
 23487 | Snake:1  | Found Puovigiv's Assorted Antiques.
 24678 | Snake:2  | Reached skill level 10 in Shields
 24895 | Snake:2  | You are sucked into a shaft and drop 1 floor!
 26031 | Snake:3  | Reached XP level 17. HP: 112/112 MP: 17/17
 26172 | Snake:3  | Noticed Mlioglotl
 26174 | Snake:3  | Noticed Vashnia
 26277 | Snake:3  | Found a runed translucent gate.
 26279 | Snake:3  | Found a runed translucent gate.
 26304 | Snake:3  | Found a runed translucent gate.
 26308 | Snake:3  | Noticed Olga's ghost (adept SpHu)
 26308 | Snake:3  | Noticed Yrpheg's ghost (journeyman HOBe)
 26308 | Snake:3  | Noticed Iheguu's ghost (adept DsEE)
 26367 | Snake:3  | Killed Vashnia
 26368 | Snake:3  | Reached skill level 15 in Armour
 26728 | Snake:3  | Killed Yrpheg's ghost
 26735 | Snake:3  | Killed Iheguu's ghost
 26736 | Snake:3  | Reached skill level 15 in Fighting
 27103 | Snake:3  | Killed Olga's ghost
 27313 | Snake:3  | Killed Mlioglotl
 27347 | Snake:4  | Entered Level 4 of the Snake Pit
 28175 | Snake:4  | Noticed Aizul
 28206 | Snake:4  | Killed Aizul
 28439 | Snake:4  | Reached XP level 18. HP: 97/120 MP: 18/18
 28564 | Snake:4  | Noticed a quicksilver dragon
 28565 | Snake:4  | Noticed a quicksilver dragon
 28575 | Snake:4  | Killed a quicksilver dragon
 28591 | Snake:4  | Killed a quicksilver dragon
 28748 | Snake:4  | Got a serpentine rune of Zot
 29156 | Vaults:1 | Entered Level 1 of the Vaults
 29209 | Vaults:1 | Found Gicwioce's Armour Emporium.
 29584 | Vaults:1 | Paralysed by a great orb of eyes for 3 turns
 30025 | Vaults:1 | Paralysed by a great orb of eyes for 5 turns
 30829 | Vaults:2 | Reached XP level 19. HP: 115/128 MP: 19/19
 31176 | Vaults:2 | Identified the +1 scale mail "Joschattun" {Harm rPois
                  | Str+4}
 31301 | Vaults:2 | Found Odoskul's Antique Armour Emporium.
 31305 | Vaults:2 | Bought a glowing helmet for 322 gold pieces
 31558 | Abyss:2  | Cast into level 2 of the Abyss (a wizard)
 31848 | Abyss:2  | Noticed a bone dragon
 31868 | Abyss:2  | Killed a bone dragon
 31956 | Abyss:2  | Reached skill level 15 in Shields
 31966 | Abyss:2  | Paralysed by accursed screaming for 1 turns
 32008 | Abyss:2  | Paralysed by accursed screaming for 1 turns
 32316 | Vaults:2 | Escaped the Abyss
 32461 | Vaults:2 | Identified the +4 orcbow "Syrr" {heavy, rElec Str-2 Dex+4}
 32866 | Vaults:2 | Found a staircase to the Crypt.
 33246 | D:14     | Noticed Nessos
 33284 | D:14     | Killed Nessos
 33384 | D:14     | Found a white marble altar of Elyvilon.
 33431 | D:14     | Noticed Lodul
 33454 | D:14     | Killed Lodul
 33957 | D:15     | Noticed Josephine
 33972 | D:15     | Noticed Jorgrun
 33973 | D:15     | Killed Josephine
 33989 | D:15     | Killed Jorgrun
 34067 | D:15     | Reached XP level 20. HP: 137/137 MP: 20/20
 34252 | D:15     | Noticed Rupert
 34276 | D:15     | Killed Rupert
 34287 | D:15     | Found a staircase to the Depths.
 34896 | Vaults:3 | Noticed Donald
 34917 | Vaults:3 | Killed Donald
 35090 | Vaults:3 | Bought the amulet of Vitality {RegenMP++ Regen++} for 2000
                  | gold pieces
 35090 | Vaults:3 | Found the amulet of Vitality {RegenMP++ Regen++}
 35259 | Vaults:3 | Found Axeps's General Store.
 35799 | Vaults:3 | Reached skill level 1 in Dodging
 35829 | Vaults:3 | HP: 5/140 [yaktaur captain (24)]
 36583 | Vaults:4 | Found Qutzukhu's Assorted Antiques.
 37119 | Vaults:4 | Reached XP level 21. HP: 140/146 MP: 21/21
 37280 | Vaults:4 | Reached skill level 5 in Dodging
 37825 | Vaults:5 | Entered Level 5 of the Vaults
 38132 | Vaults:5 | Found Berreside's Magic Scroll Shoppe.
 38133 | Vaults:5 | Noticed Mennas
 38135 | Vaults:5 | Noticed a dread lich
 38184 | Vaults:5 | Paralysed by a dread lich for 2 turns
 38197 | Vaults:5 | Paralysed by a dread lich for 2 turns
 38199 | Vaults:5 | Noticed an ancient lich
 38205 | Vaults:5 | Killed a dread lich
 38217 | Vaults:5 | Killed an ancient lich
 38279 | Vaults:5 | Killed Mennas
 38349 | Vaults:5 | Bought a scroll of summoning for 123 gold pieces
 38349 | Vaults:5 | Bought a scroll of blinking for 97 gold pieces
 38349 | Vaults:5 | Bought a scroll of enchant weapon for 97 gold pieces
 38518 | Vaults:5 | Found Nenyol's Distillery.
 38560 | Vaults:5 | Noticed an ancient lich
 38594 | Vaults:5 | Killed an ancient lich
 38617 | Vaults:5 | Reached XP level 22. HP: 125/153 MP: 22/22
 38627 | Vaults:5 | Noticed an ancient lich
 38628 | Vaults:5 | Noticed a juggernaut
 38639 | Vaults:5 | a juggernaut changed into a shard shrike
 38639 | Vaults:5 | Noticed a shard shrike (glowing shapeshifter)
 38645 | Vaults:5 | a shard shrike changed into a golden dragon
 38645 | Vaults:5 | Noticed a golden dragon (glowing shapeshifter)
 38647 | Vaults:5 | a golden dragon changed into a fenstrider witch
 38651 | Vaults:5 | a shadow dragon changed into a caustic shrike
 38651 | Vaults:5 | Noticed a caustic shrike (glowing shapeshifter)
 38702 | Vaults:4 | Killed an ancient lich
 39477 | Vaults:5 | Found Quitetin's Antique Armour Shoppe.
 39477 | Vaults:5 | Found Loerir's Antique Weapon Shoppe.
 39496 | Vaults:5 | Found Feydogoj's Magic Scroll Shoppe.
 39500 | Vaults:5 | Bought a scroll of enchant armour for 112 gold pieces
 39500 | Vaults:5 | Bought a scroll of enchant armour for 112 gold pieces
 39767 | Vaults:5 | Noticed Boris
 39768 | Vaults:5 | Found Tativ's Assorted Antiques.
 39792 | Vaults:5 | Killed Boris
 39809 | Vaults:5 | Bought a scroll of enchant weapon for 247 gold pieces
 39809 | Vaults:5 | Bought a scroll labelled CAEWIA BUFF for 33 gold pieces
 39950 | Vaults:5 | Got a silver rune of Zot
 40252 | Vaults:5 | Bought a jewelled plate armour for 952 gold pieces
 40252 | Vaults:5 | Identified the +0 plate armour of the Eye-covered God
                  | {*Slow rCorr Str+6 Dex+3} (You bought it in a shop on level
                  | 5 of the Vaults)
 40287 | Vaults:3 | Bought the ring of Vanity {Drain rF+ rCorr Str+4} for 736
                  | gold pieces
 40575 | Slime:1  | Entered Level 1 of the Pits of Slime
 40766 | Slime:1  | Gained mutation: You are weak. (Str -2) [a shining eye]
 42318 | Slime:2  | Gained mutation: Your body sometimes deteriorates upon
                  | taking damage. [a shining eye]
 42932 | Slime:4  | Gained mutation: You occasionally lose the ability to read
                  | scrolls when taking damage. [a shining eye]
 42968 | Slime:4  | Reached XP level 23. HP: 148/161 MP: 23/23
 43065 | Slime:4  | Gained mutation: You are partially covered in iridescent
                  | scales. (AC +2) [a shining eye]
 43317 | Slime:5  | Entered Level 5 of the Pits of Slime
 43343 | Slime:5  | Paralysed by a floating eye for 3 turns
 43442 | Slime:5  | Gained mutation: You sometimes lose your temper in combat.
                  | [a shining eye]
 43453 | Slime:5  | Gained mutation: You are vulnerable to cold. (rC-) [a
                  | shining eye]
 43692 | Slime:5  | Found a viscous altar of Jiyva.
 43693 | Slime:5  | Noticed the Royal Jelly
 43890 | Slime:5  | Killed the Royal Jelly
 43975 | Slime:5  | Got a slimy rune of Zot
 44014 | Slime:5  | Identified the +10 sling of Oenomania {drain, Int+5}
 44018 | Slime:5  | Identified the +3 scale mail of the End {rPois Will+ Dex-4}
 44030 | Slime:5  | Identified the ring "Taurib" {Fire rPois rN+ Int+2 Slay-2}
 44540 | Swamp:1  | Entered Level 1 of the Swamp
 44708 | Swamp:1  | Lost mutation: Your body sometimes deteriorates upon taking
                  | damage. [potion of mutation]
 44708 | Swamp:1  | Lost mutation: You are vulnerable to cold. (rC-) [potion of
                  | mutation]
 44708 | Swamp:1  | Lost mutation: You occasionally lose the ability to read
                  | scrolls when taking damage. [potion of mutation]
 44708 | Swamp:1  | Gained mutation: You are clumsy. (Dex -2) [potion of
                  | mutation]
 44708 | Swamp:1  | Gained mutation: You are partially covered in large bone
                  | plates. (SH +4) [potion of mutation]
 44708 | Swamp:1  | Gained mutation: You are mostly covered in iridescent
                  | scales. (AC +4) [potion of mutation]
 44709 | Swamp:1  | Lost mutation: You sometimes lose your temper in combat.
                  | [potion of mutation]
 44709 | Swamp:1  | Lost mutation: You are weak. (Str -2) [potion of mutation]
 44709 | Swamp:1  | Lost mutation: You are mostly covered in iridescent scales.
                  | (AC +4) [potion of mutation]
 44709 | Swamp:1  | Gained mutation: You expend magic power (3 MP) to
                  | strengthen your wands. [potion of mutation]
 44709 | Swamp:1  | Gained mutation: Your flesh is heat resistant. (rF+)
                  | [potion of mutation]
 44824 | Swamp:1  | Identified Roxanne's Catalogue of Quicksand
 44824 | Swamp:1  | Noticed Roxanne
 44854 | Swamp:1  | Killed Roxanne
 45003 | Swamp:1  | Identified the ring "Qogury" {*Slow rF- rC+++ Str+6 Stlth+}
 46450 | Swamp:4  | Entered Level 4 of the Swamp
 46595 | Swamp:4  | Got a decaying rune of Zot
 46777 | Swamp:4  | Reached skill level 10 in Dodging
 47801 | Depths:1 | Entered Level 1 of the Depths
 47807 | Depths:1 | Found a bloodstained altar of Trog.
 47836 | Depths:1 | Noticed Boris
 47859 | Depths:1 | Killed Boris
 47922 | Depths:1 | Found a gateway to Hell.
 47953 | Depths:1 | Found a one-way gate leading to the halls of Pandemonium.
 47964 | Depths:1 | Reached XP level 24. HP: 169/169 MP: 23/23
 48787 | Depths:2 | Found a one-way gateway to a ziggurat.
 48881 | Depths:2 | Noticed Sojobo
 48915 | Depths:2 | Killed Sojobo
 49100 | Depths:2 | Identified the ring "Kafaagh" {rF+ rN+ rCorr Str+6}
 49491 | Depths:2 | Found Meful's Weapon Shoppe.
 49979 | Depths:3 | Found a one-way gate to the infinite horrors of the Abyss.
 50378 | Depths:3 | Noticed Mara
 50388 | Depths:3 | Noticed Sphaat's illusion
 50451 | Depths:3 | Noticed Sphaat's illusion
 50462 | Depths:3 | Killed Mara
 50514 | Depths:3 | Noticed Vv
 50558 | Depths:3 | Killed Vv
 50734 | Depths:3 | Reached XP level 25. HP: 161/180 MP: 23/23
 51180 | Depths:3 | Found a glowing golden altar of the Shining One.
 51223 | Depths:4 | Entered Level 4 of the Depths
 51276 | Depths:4 | Noticed Frederick
 51305 | Depths:4 | Killed Frederick
 52209 | Depths:4 | Found a runed translucent door.
 52219 | Depths:4 | Found a runed translucent door.
 52253 | Depths:4 | Found a runed translucent door.
 52253 | Depths:4 | Found a runed translucent door.
 52330 | Depths:4 | Found a runed translucent door.
 52334 | Depths:4 | Found a runed translucent door.
 52497 | Depths:4 | Found a gate to the Realm of Zot.
 52585 | Zot:1    | Entered Level 1 of the Realm of Zot
 52960 | Crypt:1  | Entered Level 1 of the Crypt
 53730 | Crypt:2  | Noticed Boris
 53766 | Crypt:2  | Killed Boris
 53984 | Crypt:2  | Reached XP level 26. HP: 192/192 MP: 23/23
 54289 | Crypt:3  | Entered Level 3 of the Crypt
 54289 | Crypt:3  | Noticed Margery
 54310 | Crypt:3  | Noticed Boris
 54324 | Crypt:3  | Killed Boris
 54333 | Crypt:3  | Killed Margery
 54632 | Crypt:3  | Paralysed by a vampire knight for 2 turns
 54681 | Crypt:3  | Found a basalt altar of Yredelemnul.
 54681 | Crypt:3  | Found an ancient bone altar of Kikubaaqudgha.
 54713 | Crypt:3  | Identified the +9 great sword of the Scavenger {heavy,
                  | Int+2}
 54716 | Crypt:3  | Identified the +7 broad axe of Burning Tenacity {flame,
                  | rElec Int+4 SInv}
 54801 | Crypt:3  | Identified the amulet of Ru's Righteous Fury {Faith -Cast
                  | Will+ Regen+}
 54810 | Crypt:3  | Identified the +7 plate armour "Keggegai" {rF- Int+5}
 54812 | Crypt:3  | Identified the +6 falchion of Hepteere {heavy, +Blink Int+4
                  | Dex-5}
 54877 | Crypt:3  | Noticed Bai Suzhen
 54887 | Crypt:3  | Killed Bai Suzhen
 55301 | Crypt:3  | Found a staircase to the Tomb.
 55425 | Tomb:1   | Entered Level 1 of the Tomb of the Ancients
 55788 | Tomb:1   | Reached skill level 27 in Armour
 55969 | Tomb:1   | Noticed a royal mummy
 55977 | Tomb:1   | Noticed a royal mummy
 55978 | Tomb:1   | Noticed a royal mummy
 56204 | Tomb:1   | Killed a royal mummy
 56206 | Tomb:1   | Killed a royal mummy
 56213 | Tomb:1   | Killed a royal mummy
 56492 | Elf:1    | Entered Level 1 of the Elven Halls
 56497 | Elf:1    | Reached skill level 1 in Earth Magic
 56500 | Elf:1    | Reached skill level 1 in Invocations
 56503 | Elf:1    | Reached skill level 1 in Conjurations
 56512 | Elf:1    | Reached skill level 1 in Summonings
 56512 | Elf:1    | Reached skill level 1 in Ice Magic
 56517 | Elf:1    | Reached skill level 1 in Poison Magic
 56521 | Elf:1    | Reached skill level 1 in Short Blades
 56526 | Elf:1    | Reached skill level 1 in Unarmed Combat
 56533 | Elf:1    | Reached skill level 1 in Throwing
 56557 | Elf:1    | Reached skill level 1 in Spellcasting
 56557 | Elf:1    | Reached skill level 1 in Fire Magic
 56560 | Elf:1    | Paralysed by an air elemental for 1 turns
 56575 | Elf:1    | Reached skill level 1 in Ranged Weapons
 56600 | Elf:1    | Reached skill level 1 in Hexes
 56623 | Elf:1    | Reached skill level 1 in Long Blades
 56626 | Elf:1    | Reached skill level 1 in Translocations
 56696 | Elf:1    | Reached skill level 1 in Air Magic
 56727 | Elf:1    | Reached skill level 1 in Transmutations
 56729 | Elf:1    | Reached skill level 1 in Necromancy
 57809 | Tomb:2   | Noticed a royal mummy
 57810 | Tomb:2   | Noticed a royal mummy
 57812 | Tomb:2   | Reached XP level 27. HP: 190/197 MP: 25/25
 57812 | Tomb:2   | Noticed a royal mummy
 57813 | Tomb:2   | Noticed a royal mummy
 57814 | Tomb:2   | Noticed a royal mummy
 57823 | Tomb:2   | Killed a royal mummy
 57850 | Tomb:2   | Killed a royal mummy
 57850 | Tomb:2   | Killed a royal mummy
 58037 | Tomb:2   | Killed a royal mummy
 58194 | Tomb:2   | Identified the +0 leather armour of Esekhuoc {rElec}
 58472 | Tomb:2   | Killed a royal mummy
 58536 | Tomb:1   | Noticed a royal mummy
 58536 | Tomb:1   | Noticed a royal mummy
 58537 | Tomb:1   | Noticed a royal mummy
 58543 | Tomb:1   | Noticed a royal mummy
 58552 | Tomb:1   | Killed a royal mummy
 58552 | Tomb:1   | Killed a royal mummy
 58564 | Tomb:1   | Noticed a royal mummy
 58564 | Tomb:1   | Noticed a royal mummy
 58568 | Tomb:1   | Killed a royal mummy
 58570 | Tomb:1   | Noticed a royal mummy
 58623 | Tomb:1   | Noticed a royal mummy
 58642 | Tomb:1   | Noticed a royal mummy
 58642 | Tomb:1   | Noticed a royal mummy
 58643 | Tomb:1   | Noticed a royal mummy
 58648 | Tomb:1   | Killed a royal mummy
 58687 | Tomb:1   | Noticed a royal mummy
 58703 | Tomb:1   | Noticed a royal mummy
 58720 | Tomb:1   | Killed a royal mummy
 58729 | Tomb:1   | Noticed a royal mummy
 58764 | Tomb:1   | Noticed a royal mummy
 58765 | Tomb:1   | Noticed a royal mummy
 58765 | Tomb:1   | Noticed a royal mummy
 58768 | Tomb:1   | Noticed a royal mummy
 58774 | Tomb:1   | Killed a royal mummy
 58774 | Tomb:1   | Noticed a royal mummy
 58775 | Tomb:1   | Killed a royal mummy
 58776 | Tomb:1   | Reached skill level 27 in Fighting
 58781 | Tomb:1   | Killed a royal mummy
 58786 | Tomb:1   | Killed a royal mummy
 58790 | Tomb:1   | Noticed a royal mummy
 58791 | Tomb:1   | Killed a royal mummy
 58794 | Tomb:1   | Killed a royal mummy
 58800 | Tomb:1   | Noticed a royal mummy
 58818 | Tomb:1   | Killed a royal mummy
 58888 | Tomb:3   | Entered Level 3 of the Tomb of the Ancients
 58905 | Tomb:3   | Noticed a royal mummy
 58918 | Tomb:3   | Noticed a royal mummy
 58933 | Tomb:3   | Killed a royal mummy
 58934 | Tomb:3   | Killed a royal mummy
 58939 | Tomb:3   | Noticed a royal mummy
 58946 | Tomb:3   | Noticed a royal mummy
 58951 | Tomb:3   | Noticed a royal mummy
 58964 | Tomb:3   | Killed a royal mummy
 58971 | Tomb:3   | Killed a royal mummy
 58972 | Tomb:3   | Noticed a royal mummy
 58983 | Tomb:3   | Noticed a royal mummy
 59248 | Tomb:3   | Noticed a royal mummy
 59298 | Tomb:3   | Noticed a royal mummy
 59448 | Tomb:3   | Identified the +7 arbalest "Zoma" {drain, +Blink}
 59451 | Tomb:3   | Identified the ring "Susiyng" {+Blink rC+ Will- Int+3}
 59476 | Tomb:3   | Identified the staff of Tortfeasance {Contam +Blink rElec
                  | rPois rF- Poison}
 59477 | Tomb:3   | Identified the +4 falchion of Ignis, Singing {freeze,
                  | Fragile rElec rN+++ Stlth+}
 59496 | Tomb:3   | Got the Cyclopedia of the Xenolith and Lava
 59762 | Tomb:3   | Got a golden rune of Zot
 59816 | Tomb:3   | Killed a royal mummy
 59817 | Tomb:3   | Killed a royal mummy
 59825 | Tomb:3   | Killed a royal mummy
 60643 | Elf:2    | Paralysed by an air elemental for 1 turns
 60676 | Elf:2    | Paralysed by an air elemental for 1 turns
 60802 | Elf:2    | Identified the +7 rapier of the Sixty-Six Beds {venom, rF+
                  | rN++}
 60963 | Elf:2    | Found a runed translucent gate.
 60964 | Elf:2    | Found a runed translucent gate.
 60965 | Elf:2    | Found a runed translucent gate.
 61553 | Elf:3    | Entered Level 3 of the Elven Halls
 61683 | Elf:3    | Found Ibrosad's Armour Shoppe.
 62081 | Abyss:3  | Cast into level 3 of the Abyss (a deep elf sorcerer)
 62110 | Abyss:3  | Found a corrupted altar of Lugonu.
 62117 | Elf:3    | Escaped the Abyss
 62218 | Abyss:3  | Cast into level 3 of the Abyss (a deep elf sorcerer)
 62581 | Abyss:3  | Gained mutation: You occasionally lose the ability to drink
                  | potions when taking damage. [a neqoxec]
 62583 | Abyss:3  | Gained mutation: You do not regenerate when monsters are
                  | visible. [a neqoxec]
 62586 | Abyss:3  | Gained mutation: You sometimes lose your temper in combat.
                  | [a neqoxec]
 62716 | Elf:3    | Escaped the Abyss
 62748 | Abyss:3  | Cast into level 3 of the Abyss (a deep elf sorcerer)
 62749 | Abyss:3  | Lost mutation: Your flesh is heat resistant. (rF+) [potion
                  | of mutation]
 62749 | Abyss:3  | Lost mutation: You are partially covered in iridescent
                  | scales. (AC +2) [potion of mutation]
 62749 | Abyss:3  | Lost mutation: You expend magic power (3 MP) to strengthen
                  | your wands. [potion of mutation]
 62749 | Abyss:3  | Gained mutation: You occasionally lose the ability to read
                  | scrolls when taking damage. [potion of mutation]
 62749 | Abyss:3  | Gained mutation: You have sharp toenails. [potion of
                  | mutation]
 62749 | Abyss:3  | Gained mutation: You sometimes lose the ability to drink
                  | potions when taking damage. [potion of mutation]
 62749 | Abyss:3  | Gained mutation: Your mind is acute. (Int +4, Str/Dex -1)
                  | [potion of mutation]
 62750 | Abyss:3  | Lost mutation: You sometimes lose the ability to drink
                  | potions when taking damage. [potion of mutation]
 62750 | Abyss:3  | Lost mutation: You have sharp toenails. [potion of
                  | mutation]
 62750 | Abyss:3  | Gained mutation: You have hidden genetic defects. [potion
                  | of mutation]
 62750 | Abyss:3  | Gained mutation: You expend magic power (3 MP) to
                  | strengthen your wands. [potion of mutation]
 62855 | Abyss:3  | Gained mutation: You are very clumsy. (Dex -4) [a neqoxec]
 63095 | Abyss:3  | Gained mutation: Your magical capacity is low. (-10% MP) [a
                  | shining eye]
 63100 | Abyss:3  | Lost mutation: Your mind is acute. (Int +4, Str/Dex -1) [a
                  | shining eye]
 63163 | Abyss:3  | Paralysed by accursed screaming for 1 turns
 63314 | Elf:3    | Escaped the Abyss
 63388 | Elf:3    | Identified the staff "Medyalithro" {rElec rPois rF+ Str+3
                  | Int-4 Air}
 63501 | Elf:3    | Identified the ring "Coimaana" {Ice Int+6}
 63567 | Elf:3    | Identified the amulet of the Firefly {Spirit rF+ Regen+}
 63583 | Elf:3    | Found the +3 pair of gauntlets of War {Slay+5}
 63931 | Orc:2    | Bought a potion of mutation for 144 gold pieces
 63931 | Orc:2    | Lost mutation: You occasionally lose the ability to drink
                  | potions when taking damage. [potion of mutation]
 63931 | Orc:2    | Lost mutation: You have hidden genetic defects. [potion of
                  | mutation]
 63931 | Orc:2    | Lost mutation: You occasionally lose the ability to read
                  | scrolls when taking damage. [potion of mutation]
 63931 | Orc:2    | Gained mutation: Your flesh is cold resistant. (rC+)
                  | [potion of mutation]
 64143 | Vaults:3 | Bought a potion of mutation for 160 gold pieces
 64143 | Vaults:3 | Lost mutation: You are very clumsy. (Dex -4) [potion of
                  | mutation]
 64143 | Vaults:3 | Lost mutation: You sometimes lose your temper in combat.
                  | [potion of mutation]
 64143 | Vaults:3 | Lost mutation: Your magical capacity is low. (-10% MP)
                  | [potion of mutation]
 64143 | Vaults:3 | Gained mutation: Your movements are slightly less
                  | encumbered by armour. (ER -2) [potion of mutation]
 64152 | Vaults:3 | Bought a scroll of enchant weapon for 112 gold pieces
 64152 | Vaults:3 | Bought a scroll of blinking for 112 gold pieces
 64354 | Hell     | Entered the Vestibule of Hell
 64354 | Hell     | Noticed Geryon
 64497 | Hell     | Paralysed by a wendigo for 1 turns
 64502 | Depths:1 | Reached skill level 27 in Axes
 64586 | Hell     | Killed Geryon
 64658 | Hell     | Found a gateway to the Iron City of Dis.
 64707 | Hell     | Found a gateway to the freezing wastes of Cocytus.
 64797 | Hell     | Found a gateway to the decaying netherworld of Tartarus.
 64869 | Hell     | Found a gateway to the ashen valley of Gehenna.
 65035 | Coc:1    | Entered Level 1 of Cocytus
 65617 | Coc:2    | Bought a scroll of enchant armour for 142 gold pieces
 65617 | Coc:2    | Bought a scroll of blinking for 142 gold pieces
 66672 | Coc:4    | Noticed a dread lich
 66922 | Zot:1    | Noticed an orb of fire
 66936 | Zot:1    | Lost mutation: Your flesh is cold resistant. (rC+) [an orb
                  | of fire]
 66940 | Zot:1    | Gained mutation: You are occasionally teleported next to
                  | monsters. [an orb of fire]
 66941 | Zot:1    | Killed an orb of fire
 67520 | Zot:1    | Identified the amulet "Mesumadd" {Reflect -Cast rCorr SH+5
                  | Stlth+}
 68723 | Zot:2    | Noticed an orb of fire
 68738 | Zot:2    | Killed an orb of fire
 69466 | Zot:3    | Identified the +8 double sword "Xoyzus" {heavy, rC+}
 69686 | Zig:1    | Entered Level 1 of a ziggurat
 69699 | Zig:2    | Entered Level 2 of a ziggurat
 69775 | Zig:3    | Entered Level 3 of a ziggurat
 69829 | Zig:4    | Entered Level 4 of a ziggurat
 69861 | Zig:4    | Identified the +4 mace of the Eggplant {vamp, rPois Str+2
                  | Stlth+}
 69887 | Zig:5    | Entered Level 5 of a ziggurat
 69919 | Zig:5    | Identified the +2 leather armour "Hero's Friend" {Harm
                  | rPois Str-5 Slay+5}
 69920 | Zig:5    | Identified the +8 hand axe of Trog's Benevolence {heavy,
                  | rN+}
 69940 | Zig:6    | Entered Level 6 of a ziggurat
 69944 | Zig:6    | Noticed an ancient lich
 69968 | Zig:6    | Killed an ancient lich
 70225 | Zig:6    | Lost mutation: You do not regenerate when monsters are
                  | visible. [potion of mutation]
 70225 | Zig:6    | Lost mutation: You are partially covered in large bone
                  | plates. (SH +4) [potion of mutation]
 70225 | Zig:6    | Gained mutation: You passively map a small area around you.
                  | [potion of mutation]
 70225 | Zig:6    | Lost mutation: Your movements are slightly less encumbered
                  | by armour. (ER -2) [potion of mutation]
 70233 | Zig:6    | Identified the ring of Asothrulu {Wiz rCorr Str-4 Int+3}
 70238 | Zig:6    | Identified the +6 arbalest "Ywkytosch" {elec, Dex+3}
 70254 | Zig:7    | Entered Level 7 of a ziggurat
 70331 | Zig:8    | Entered Level 8 of a ziggurat
 70386 | Zig:8    | Identified the +2 leather armour "Yruokiq" {-Cast Str+3
                  | Dex+5}
 70410 | Zig:9    | Entered Level 9 of a ziggurat
 70417 | Zig:9    | Gained mutation: You are very clumsy. (Dex -4) [a
                  | cacodemon]
 70418 | Zig:9    | Noticed Kemexegh the pandemonium lord
 70439 | Zig:9    | HP: 14/297 [shadow demon[a shadow demon] (2)]
 70443 | Zig:9    | Blown up by a cacodemon

Illustrated notes

Levels and vault maps discovered:
D:1:      dpeg_arrival_simpleton_c, layout_basic
D:2:      layout_rooms, minmay_misc_feat_room
D:3:      layout_loops_cross, mainiacjoe_overflow_surrounded_room, minitemple,
          nicolae_vehumet_altar_sigil, uniq_robin
D:4:      layout_loops_cross, mainiacjoe_overflow_cross_hatched,
          nicolae_zen_rock_garden
D:5:      layout_loops_cross, minmay_temple_entry_nine_rooms, st_stairs_6
D:6:      layout_basic, lightli_temple_of_fire
D:7:      layout_loops_corners, nicolae_wu_jian_immortal_techniques,
          minmay_misc_feat_roman, uniq_prince_ribbit1, uniq_crazy_yiuf_cottage
D:8:      layout_loops_ring, serial_shops, shop, nicolae_shop_peninsula,
          nicolae_shop_back_alley_shop, nicolae_shop_hallway_stairs,
          nicolae_shop_overgrown_old_shop, enter_bailey_2, nrook_mini_vaults,
          minmay_curled_crystal
D:9:      layout_grid_maze, nicolae_qazlal_style_of_elements,
          nzn_hepliaklqana_mist_gate, ebering_ghost_inner_flame, uniq_maurice
D:10:     layout_basic, okawaru_gym_becter, david_lair_shrubbed, erik_orc_1,
          minmay_misc_feat_iff, hangedman_abyss_or_decor_lesser_grid
D:11:     layout_loops_ring, minmay_variable_closet
D:12:     layout_irregular_city
D:13:     layout_stronghold, hangedman_vaults_entry_quadrant_bands,
          serial_glass, glass_columns_c, glass_columns_a,
          minmay_strange_pillars, item_on_display_a, feat_on_display,
          patterned_corridor
D:14:     layout_irregular_city, infiniplex_staircase_river, elyvilon_altar_4,
          uniq_lodul, uniq_nessos
D:15:     gammafunk_enter_depths_forms, layout_rooms, dreamdust_wishing_well,
          gauntlet_entry_generic, uniq_jorgrun, uniq_josephine, uniq_rupert
Lair:1:   layout_loops_ring, hangedman_lair_generics_rect, grunt_megastairs_3,
          infiniplex_staircase_pool_2, uniq_fannar
Lair:2:   layout_chaotic_city, chequers_serial_rivers_room_b,
          grunt_forest_large_clearings
Lair:3:   layout_gridlike, nicolae_swamp_entry_splash_gauntlet,
          nicolae_snake_entry_squirm, beast_lair_carwin_8, uniq_sonja
Lair:4:   nzn_winding_woodlands_stair_trap [nzn_winding_woodlands_5x15_pool,
          nzn_winding_woodlands_5x15_eye,
          nzn_winding_woodlands_5x15_pathside_ponds,
          nzn_winding_woodlands_15x15_killbox,
          nzn_winding_woodlands_5x15_concentric,
          nzn_winding_woodlands_5x15_longhouse,
          nzn_winding_woodlands_5x15_river_crossing], layout_regular_city,
          slime_entry_1, portal_ice_cave_demonic_guard,
          infiniplex_staircase_pool, uniq_snorg
Lair:5:   wormcave, layout_regular_city
Swamp:1:  layout_basic_swamp, hangedman_swamp_blocks, swamp_pool1, uniq_roxanne
Swamp:2:  layout_basic_swamp, nicolae_swamp_little_tower, swamp_pool3,
          nicolae_swamp_dense_foliage
Swamp:3:  layout_basic_swamp, serial_swamp_ruin, hangedman_swamp_ruin_hall,
          evilmike_swamp_ruin_rubble_2
Swamp:4:  swamp_alternative, layout_basic_swamp, swamp_pool1, lightli_tree_ring
Snake:1:  layout_chambers, serial_shops, shop, st_stairs_3, grunt_megastairs_5
Snake:2:  layout_layer_cave, st_stairs_14, grunt_megastairs_2
Snake:3:  layout_onion, gammafunk_ghost_cemetery, nicolae_snake_double_loop,
          serial_bayou_shore_b, uniq_vashnia, uniq_mlioglotl
Snake:4:  hellmonk_snake_rune_quicksilver_temple, layout_cave_town, uniq_aizul
Slime:1:  layout_caves
Slime:2:  layout_caves, cheibrodos_slime_lost_civilization_7
Slime:3:  layout_caves
Slime:4:  layout_caves
Slime:5
Orc:1:    layout_caves, basic_altar, nicolae_orc_lost_temple
Orc:2:    kennysheep_orc_mage_school, layout_caves, gammafunk_ghost_arena,
          uniq_saint_roka
Elf:1:    minmay_elf_arrival_summoners, layout_loops_cross, minivault_28
Elf:2:    elven_hall_of_blades_hangedman_original
          [nicolae_blade_entry_sentries_behind_glass], layout_loops_cross,
          lemuel_statue_altar
Elf:3:    minmay_elf_hall_spiked, layout_geoelf_castle, serial_shops,
          shop_statue
Vaults:1: v_alt_pattern_1, nicolae_vaults_trapezoid_2,
          nicolae_vaults_specimen_jars, nicolae_vaults_swerve,
          nicolae_vaults_double_plus_3, nicolae_vaults_twisting_passages,
          vaults_room_grunt_arrival_ludios, nicolae_vaults_door_testing_chamber,
          nicolae_vaults_two_Ls, nicolae_vaults_double_plus_1,
          nicolae_vaults_trapezoid_lopsided_3, v_misc_3, layout_vaults_ring,
          serial_shops, shop
Vaults:2: grunt_vaults_funneled_arena, hangedman_vaults_stagger,
          minmay_crypt_entry_skeletal_spiral,
          nicolae_vaults_offset_grid_hallway_3, layout_vaults_chaotic_city,
          serial_shops, nicolae_shop_tiny_real_fake_doors
Vaults:3: nicolae_vaults_puzzle_piece, vaults_dpeg_emergency_exit,
          nicolae_vaults_network_quinsquares
          [nicolae_vaults_network_quincunx_subvault,
          nicolae_vaults_network_quincunx_subvault,
          nicolae_vaults_network_quincunx_subvault,
          nicolae_vaults_network_quincunx_subvault],
          nicolae_vaults_disjoint_gnomons, st_quartered_hall, vaults_dpeg_cross,
          nicolae_vaults_heart-shaped_vault, v_misc_11, v_misc_11, v_misc_17,
          layout_vaults_big_cross, serial_shops, nicolae_shop_hallway_stairs,
          uniq_donald
Vaults:4: nicolae_vaults_tetromino_T_1, vaults_room_door_ring, v_rooms_6,
          vaults_room_stairs_pillars, nicolae_vaults_three_branches, v_misc_9,
          nicolae_vaults_closet_pinwheel_1, nicolae_vaults_security_offices_1,
          layout_vaults_omnigrid, serial_shops, shop
Vaults:5: serial_shops, uniq_boris, uniq_mennas
Crypt:1:  layout_misc_corridors, nicolae_danse_macabre
Crypt:2:  layout_misc_corridors, columned_hall_lemuel, st_stairs_3
Crypt:3:  lightli_unholy_cathedral, layout_chaotic_city,
          nicolae_tomb_entry_unfolded_pyramid_diagonal, uniq_margery,
          uniq_bai_suzhen
Tomb:1
Tomb:2
Tomb:3
Depths:1: layout_basic, pf_vacation_house_of_asmodeus, rand_demon_pan_entry_5,
          bloody_trog
Depths:2: hourglass_vault, layout_basic, enter_ziggurat_a, grunt_mini_vestibule,
          serial_curves, eino_curves_02, eino_curves_03, grunt_pan_entry_spiral,
          serial_shops, nicolae_shop_bloodbath_and_beyond, uniq_sojobo
Depths:3: minmay_quantized_circle, layout_long_grid,
          nicolae_tso_swordbearing_angel, pf_hell_entry_tar_river, abyss_entry,
          drop_trap, uniq_mara, uniq_vv
Depths:4: evilmike_zot_entry_castle, layout_basic, hell_entry,
          dk_noncrumbling_2, hangedman_abyss_or_decor_slice, uniq_frederick
Hell
Coc:1:    layout_cocytus_water_paths
Coc:2:    layout_ice_bergs
Coc:3:    layout_ice_bergs
Coc:4:    layout_cocytus_water_paths
Zot:1:    layout_concentric_octagons, zot_minivault_4
Zot:2:    layout_gridlike, grunt_megastairs_4
Zot:3:    layout_basic, nicolae_rock_paper_scissors
Zig:9

Skill      XL: |  1  2  3  4  5  6  7  8  9 10 11 12 13 14 15 16 17 18 19 20 21 22 23 24 25 26 27 |
---------------+----------------------------------------------------------------------------------+-----
Axes           | 2 3 4 5 9 10 11 13 16 18 19 20 21 27 | 27.0
Armour         | 4 5 7 8 9 11 14 17 19 20 21 22 23 25 27 | 27.0
Shields        | 4 5 6 7 10 11 13 15 17 18 20 26 | 26.7
Fighting       | 4 5 7 8 9 11 14 16 17 18 20 21 22 24 26 27 | 27.0
Maces & Flails | 5 7 8 |  8.6
Dodging        | 4 7 8 10 | 10.5
Earth Magic    | 2 |  2.6
Invocations    | 2 |  2.4
Conjurations   | 1 2 |  2.1
Summonings     | 1 |  1.8
Ice Magic      | 1 |  1.9
Poison Magic   | 1 2 |  2.1
Short Blades   | 1 |  1.9
Unarmed Combat | 1 |  1.9
Throwing       | 1 |  1.7
Spellcasting   | 1 |  1.7
Fire Magic     | 1 2 |  2.0
Ranged Weapons | 1 |  1.8
Hexes          | 1 |  1.8
Long Blades    | 1 |  1.9
Translocations | 1 |  1.8
Air Magic      | 1 |  1.7
Transmutations | 1 |  1.5
Necromancy     | 1 |  1.7

Action                     |  1- 3 |  4- 6 |  7- 9 | 10-12 | 13-15 | 16-18 | 19-21 | 22-24 | 25-27 || total
---------------------------+-------+-------+-------+-------+-------+-------+-------+-------+-------++-------
  Melee: War axe           |    98 |   202 |   330 |   712 |  1209 |  1656 |  1799 |  2296 |  1870 || 10172
         Morningstar       |       |       |       |    58 |   234 |       |    11 |       |       ||   303
         Broad axe         |       |       |       |       |       |       |       |       |   941 ||   941
  Throw: Javelin           |       |       |       |       |       |     1 |       |       |       ||     1
 Invoke: Potion Petition   |       |       |       |     3 |       |     8 |     5 |     3 |    17 ||    36
         Call Merchant     |       |       |       |       |     2 |       |     3 |       |     2 ||     7
         Bribe Branch      |       |       |       |       |       |       |       |       |     3 ||     3
Ability: End Transformatio |       |       |       |       |       |       |       |       |     1 ||     1
  Evoke: Wand              |       |       |       |     6 |    15 |     4 |     3 |     5 |     2 ||    35
    Use: Scroll            |     3 |     5 |     9 |    10 |    13 |     4 |     7 |     8 |    12 ||    71
         Potion            |       |       |     1 |     7 |       |     3 |     4 |     4 |    20 ||    39
   Stab: Distracted        |       |       |     1 |     7 |    12 |     4 |    12 |    17 |    36 ||    89
         Confused          |       |       |       |       |       |       |       |     1 |       ||     1
         Invisible         |       |       |       |       |       |       |       |       |    10 ||    10
 Armour: Scale mail        |    49 |       |       |       |       |       |       |       |       ||    49
         Chain mail        |    19 |   141 |   219 |   544 |   497 |       |       |       |       ||  1420
         Crystal plate arm |       |       |       |       |   602 |  1262 |  1434 |  2365 |  2070 ||  7733
         Leather armour    |       |       |       |       |     6 |       |       |       |       ||     6
         Plate armour      |       |       |       |       |       |       |       |    32 |       ||    32
         Skin              |       |       |       |       |       |       |       |       |     6 ||     6
  Dodge: Dodged            |    60 |    83 |   129 |   258 |   376 |   243 |   391 |   949 |   872 ||  3361
  Block: Buckler           |    23 |    59 |   104 |   170 |   318 |   371 |       |       |       ||  1045
         Reflection        |       |       |       |       |       |    76 |       |       |    21 ||    97
         Kite shield       |       |       |       |       |       |   540 |  1264 |  1902 |  2641 ||  6347

Table legend: (Time is in decaauts)
 A = Elapsed time spent in this place.
 B = Non-inter-level travel time spent in this place.
 C = Inter-level travel time spent in this place.
 D = Time resting spent in this place.
 E = Time spent auto-exploring this place.
 F = Levels seen in this place.
 G = Mean time per level.
                   A        B        C        D        E       F      G
               +--------+--------+--------+--------+--------+-----+--------+
         Total |  68284 |  60128 |   8156 |   2523 |  38944 |  76 |  898.5 |
       Dungeon |  16615 |  13492 |   3123 |    502 |   9842 |  15 | 1107.7 |
          Lair |   5579 |   4699 |    880 |      0 |   3297 |   5 | 1115.8 |
         Swamp |   2723 |   2509 |    214 |      1 |   1808 |   4 |  680.8 |
     Snake Pit |   6099 |   5790 |    309 |    446 |   3995 |   4 | 1524.8 |
    Slime Pits |   3757 |   3613 |    144 |    157 |   1912 |   5 |  751.4 |
  Orcish Mines |   2512 |   2061 |    451 |    160 |   1160 |   2 | 1256.0 |
   Elven Halls |   3027 |   2869 |    158 |      6 |   2046 |   3 | 1009.0 |
        Vaults |   8742 |   7206 |   1536 |     49 |   4662 |   5 | 1748.4 |
         Crypt |   2569 |   2353 |    216 |    101 |   1621 |   3 |  856.3 |
          Tomb |   3330 |   2868 |    462 |     78 |   1690 |   3 | 1110.0 |
        Depths |   4929 |   4510 |    419 |     93 |   2694 |   4 | 1232.2 |
          Hell |    941 |    889 |     52 |    377 |    357 |   1 |  941.0 |
       Cocytus |   1254 |   1180 |     74 |    229 |    564 |   4 |  313.5 |
           Zot |   2665 |   2553 |    112 |     49 |   1970 |   3 |  888.3 |
         Abyss |   1714 |   1714 |      0 |     30 |    611 |   4 |  428.5 |
      Ziggurat |    720 |    720 |      0 |    242 |    202 |   9 |   80.0 |
        Bailey |    526 |    526 |      0 |      0 |    253 |   1 |  526.0 |
      Ice Cave |    577 |    577 |      0 |      0 |    257 |   1 |  577.0 |
               +--------+--------+--------+--------+--------+-----+--------+

Top non-repeatable levels by time:
Vaults:2: 2044 daAuts
Vaults:4: 1905 daAuts
    D:13: 1826 daAuts
   Orc:2: 1814 daAuts
    D:10: 1699 daAuts
  Lair:4: 1694 daAuts
Vaults:1: 1654 daAuts
Vaults:5: 1632 daAuts
 Snake:2: 1611 daAuts
  Tomb:1: 1601 daAuts
 Snake:1: 1555 daAuts
 Snake:3: 1520 daAuts
Vaults:3: 1506 daAuts
Depths:4: 1453 daAuts
 Snake:4: 1412 daAuts
